 Dungeon Sprint DCSS version 0.19-a0-1401-g902f63d (webtiles) character file.

7994 poirepourri the Eclecticist (level 11, -16/55 HPs)
             Began as a Deep Elf Fire Elementalist on Sept 4, 2016.
             Was the Champion of Vehumet.
             Killed from afar by a spriggan air mage (22 damage)
             ... with a bolt of lightning
             ... in the Dungeon (Sprint V: "Ziggurat Sprint").
             The game lasted 00:09:09 (1633 turns).

poirepourri the Eclecticist (DEFE)                  Turns: 1633, Time: 00:09:09

Health: -16/55     AC:  7    Str:  5    XL:     11   Next: 4%
Magic:  0/37       EV: 19    Int: 36    God:    Vehumet [******]
Gold:   0          SH:  0    Dex: 15    Spells: 7 memorised, 27 levels left

rFire  + . .     SeeInvis .     V - staff of fire
rCold  . . .     Gourm    .     Z - +2 robe {rN+}
rNeg   + . .     Faith    .     (no shield)
rPois  .         Spirit   +     (no helmet)
rElec  .         Dismiss  .     B - +2 cloak {+Inv}
rCorr  .         Reflect  .     (no gloves)
MR     +....     Harm     .     (no boots)
Stlth  +++....... NoTele   +    T - amulet of guardian spirit
                                p - +6 ring of intelligence
                                q - +6 ring of intelligence

@: very slightly contaminated, studying Fighting
A: no striking features
a: Renounce Religion, Evoke Invisibility


You were in the Dungeon.
You worshipped Vehumet.
Vehumet was exalted by your worship.
You were very full.

You visited 1 branch

Inventory:

Armour
 B - a +2 cloak of invisibility (worn)
 M - a +3 buckler
 N - a +5 gold dragon armour
 O - a +5 storm dragon armour
 R - the cursed -7 buckler of Dice, Bag, and Bottle {rN+++ Regen+ Dex-2 SInv}
   (You found it in the Dungeon)

   It affects your dexterity (-2).
   It renders you almost immune to negative energy.
   It lets you see invisible.
   It increases your rate of regeneration.
   It has a curse placed upon it.
 Z - a +2 robe of positive energy (worn)
Magical Staves
 U - an uncursed staff of wizardry
 V - an uncursed staff of fire (weapon)
Rods
 J - a +8 iron rod (13/13)
   (You found it in the Dungeon)
Jewellery
 o - a +6 ring of dexterity
 p - a +6 ring of intelligence (right hand)
 q - a +6 ring of intelligence (left hand)
 s - a +6 ring of strength
 w - an uncursed ring of flight
 Q - an uncursed ring of ice
 T - an amulet of guardian spirit (around neck)
 Y - an uncursed ring of positive energy
Wands
 j - a wand of disintegration (7/24)
 k - a wand of iceblast (5/15)
 l - a wand of lightning (5/15)
 m - a wand of acid (5/15)
Scrolls
 a - a scroll of brand weapon
 i - a scroll of blinking
 y - 4 scrolls of amnesia
 E - 3 scrolls of recharging
 F - 7 scrolls of fog
 G - a scroll of holy word
 H - 5 scrolls of identify
 I - 5 scrolls of remove curse
Potions
 d - 10 potions of curing
 e - 6 potions of heal wounds
 f - 6 potions of haste
 g - 5 potions of magic
 h - 2 potions of berserk rage
 x - 2 potions of brilliance
 z - 2 potions of invisibility
 A - 3 potions of resistance
 C - 5 potions of agility
 D - 4 potions of might
Books
 b - a book of Flames

   Spells                             Type                      Level
   a - Flame Tongue                   Conjuration/Fire             1
   b - Throw Flame                    Conjuration/Fire             2
   c - Conjure Flame                  Conjuration/Fire             3
   d - Inner Flame                    Hexes/Fire                   3
   e - Sticky Flame                   Conjuration/Fire             4
   f - Fireball                       Conjuration/Fire             5
 n - a book of the Earth

   Spells                             Type                      Level
   a - Leda's Liquefaction            Hexes/Earth                  4
   b - Bolt of Magma                  Conjuration/Fire/Earth       5
   c - Statue Form                    Transmutation/Earth          6
   d - Iron Shot                      Conjuration/Earth            6
   e - Shatter                        Earth                        9
 u - the Handbook of the Nine Orbs
   (You found it in the Dungeon)

   Spells                             Type                      Level
   a - Animate Skeleton               Necromancy                   1
   b - Pain                           Necromancy                   1
   c - Sublimation of Blood           Necromancy                   2
   d - Animate Dead                   Necromancy                   4
   e - Agony                          Necromancy                   5
   f - Death Channel                  Necromancy                   6
 S - Roxanne's Papyrus of Clay and Changing
   (You found it in the Dungeon)

   Spells                             Type                      Level
   a - Sandblast                      Earth                        1
   b - Yara's Violent Unravelling     Hexes/Transmutation          5
   c - Dragon Form                    Transmutation                7
 W - a book of Frost

   Spells                             Type                      Level
   a - Freeze                         Ice                          1
   b - Throw Frost                    Conjuration/Ice              2
   c - Ozocubu's Armour               Charms/Ice                   3
   d - Throw Icicle                   Conjuration/Ice              4
   e - Summon Ice Beast               Ice/Summoning                4
 X - a manual of Fighting
Miscellaneous
 t - a disc of storms
 v - a crystal ball of energy
 P - a phantom mirror
Comestibles
 c - 5 bread rations
 r - 3 royal jellies
 K - 42 fruits
 L - 2 meat rations


   Skills:
 + Level 0.8 Fighting
 + Level 9.6 Dodging
 - Level 4.4 Stealth
 * Level 20.4 Spellcasting
 + Level 12.3 Conjurations
 + Level 16.3 Fire Magic
 + Level 1.0 Earth Magic


You had 27 spell levels left.
You knew the following spells:

 Your Spells              Type           Power        Failure   Level  Hunger
a - Flame Tongue          Conj/Fire      #####        0%          1    None
b - Throw Flame           Conj/Fire      ######       0%          2    None
c - Conjure Flame         Conj/Fire      ########     0%          3    None
d - Inner Flame           Hex/Fire       #######.     1%          3    None
e - Sticky Flame          Conj/Fire      ########     1%          4    None
f - Fireball              Conj/Fire      ########..   1%          5    None
g - Bolt of Magma         Conj/Fire/Erth ########..   1%          5    None


Dungeon Overview and Level Annotations

Branches:
Dungeon (1/1)

Altars:
Ashenzari
Cheibriados
Dithmenos
Elyvilon
Fedhas
Gozag
Hepliaklqana
Kikubaaqudgha
Makhleb
Nemelex Xobeh
Okawaru
Qazlal
Ru
Sif Muna
Trog
Uskayaw
Vehumet
Xom
Yredelemnul
Zin
The Shining One
Beogh
Jiyva
Lugonu


Message History

The fireball engulfs the spriggan air mage.
The spriggan air mage is heavily wounded.
The fireball engulfs the wind drake.
You kill the wind drake!
Vehumet accepts your kill.
You feel your power returning.
The fireball engulfs the insubstantial wisp.
The insubstantial wisp resists.
The insubstantial wisp is moderately damaged.
The fireball engulfs the titan.
The titan is severely wounded.
The storm dragon breathes lightning at you.
The bolt of lightning misses you. The bolt of lightning hits you!
* * * LOW HITPOINT WARNING * * *
The wind drake flaps its wings at you. The air twists around and strikes you!
* * * LOW HITPOINT WARNING * * *
The spriggan air mage casts a spell at you.
The bolt of lightning hits you!
You die...

▓..[))}}..▓
▓.i[:k=...▓.....}[..▓
▓.....Ci..▓.........▓
▓...iDv...▓|........▓
▓.........▓.....:...▓
▓.........▓.........▓
▓.........▓.▓.....▓.▓
▓.........▓.........▓
▓....@....▓▓▓▓▓▓▓▓▓▓▓
▓▓▓▓▓▓▓▓▓▓▓


You could see a titan, a storm dragon, a wind drake, 3 spriggan air magi and an
insubstantial wisp.

Vanquished Creatures
  An orc high priest (D)
  A deep elf archer (D)
  3 deep elf magi (D)
  A black mamba (D)
  6 merfolk (D)
  2 jumping spiders (D)
  3 wind drakes (D)
  2 slime creatures (D)
  5 air elementals (D)
  A golden eye (D)
  A hippogriff (D)
  4 insubstantial wisps (D)
  2 nagas (D)
  4 water moccasins (D)
  A hell hound (D)
  An eye of draining (D)
  5 scorpions (D)
  A quasit (D)
  2 jellies (D)
  An adder (D)
  A white imp (D)
  2 oozes (D)
  4 ball pythons (D)
  A bat skeleton (D)
  2 giant gecko skeletons (D)
57 creatures vanquished.

Notes
Turn   | Place    | Note
-------+----------+-------------------------------------------
     0 | D        | poirepourri the Deep Elf Fire Elementalist began the quest for the Orb.
     0 | D        | Reached XP level 1. HP: 10/10 MP: 6/6
     4 | D        | Found a deep blue altar of Sif Muna.
     4 | D        | Found a bloodstained altar of Trog.
     4 | D        | Found a sacrificial altar of Ru.
     4 | D        | Found a stormy altar of Qazlal.
     4 | D        | Found an iron altar of Okawaru.
     7 | D        | Found a sparkling altar of Nemelex Xobeh.
    10 | D        | Found a corrupted altar of Lugonu.
    10 | D        | Found an ancient bone altar of Kikubaaqudgha.
    10 | D        | Found a burning altar of Makhleb.
    10 | D        | Found a viscous altar of Jiyva.
    10 | D        | Found a hazy altar of Hepliaklqana.
    24 | D        | Found a blossoming altar of Fedhas.
    26 | D        | Found an opulent altar of Gozag.
    50 | D        | Became a worshipper of Vehumet
    62 | D        | Reached skill level 6 in Spellcasting
    62 | D        | Reached skill level 5 in Fire Magic
    62 | D        | Reached XP level 2. HP: 15/15 MP: 7/11
    68 | D        | Learned a level 2 spell: Throw Flame
   112 | D        | Entered arena 1.
   204 | D        | Entered arena 2.
   204 | D        | Noticed a scorpion
   204 | D        | Noticed a scorpion
   204 | D        | Noticed a scorpion
   207 | D        | Killed a scorpion
   207 | D        | Reached * piety under Vehumet
   207 | D        | Offered knowledge of Sandblast by Vehumet.
   207 | D        | Reached skill level 7 in Spellcasting
   207 | D        | Reached XP level 3. HP: 19/19 MP: 8/13
   207 | D        | Reached XP level 4. HP: 24/24 MP: 9/15
   216 | D        | Reached skill level 8 in Spellcasting
   216 | D        | Reached skill level 5 in Conjurations
   216 | D        | Reached XP level 5. HP: 14/28 MP: 1/17
   517 | D        | Got the cursed -7 buckler of Dice, Bag, and Bottle {rN+++ Regen+ Dex-2 SInv}
   525 | D        | Identified Roxanne's Papyrus of Clay and Changing (You found it in the Dungeon)
   531 | D        | Learned a level 3 spell: Conjure Flame
   535 | D        | Learned a level 3 spell: Inner Flame
   540 | D        | Learned a level 4 spell: Sticky Flame
   546 | D        | Learned a level 5 spell: Fireball
   548 | D        | Entered arena 3.
   548 | D        | Noticed a jumping spider
   548 | D        | Noticed a jumping spider
   554 | D        | Reached ** piety under Vehumet
   554 | D        | Offered knowledge of Throw Frost by Vehumet.
   554 | D        | Reached skill level 5 in Dodging
   554 | D        | Reached skill level 9 in Spellcasting
   554 | D        | Reached skill level 10 in Fire Magic
   554 | D        | Killed a jumping spider
   554 | D        | Reached skill level 10 in Spellcasting
   554 | D        | Reached XP level 6. HP: 20/32 MP: 13/21
   555 | D        | Killed a jumping spider
   555 | D        | Reached skill level 11 in Spellcasting
   555 | D        | Reached XP level 7. HP: 23/36 MP: 8/24
   945 | D        | Entered arena 4.
   947 | D        | Offered knowledge of Searing Ray by Vehumet.
   947 | D        | Reached *** piety under Vehumet
   947 | D        | Reached skill level 12 in Spellcasting
   947 | D        | Reached XP level 8. HP: 41/41 MP: 19/26
  1072 | D        | Entered arena 5.
  1072 | D        | Noticed a deep elf mage
  1072 | D        | Noticed an orc high priest
  1072 | D        | Noticed a deep elf mage
  1072 | D        | Noticed a deep elf mage
  1072 | D        | Noticed a deep elf archer
  1074 | D        | Killed a deep elf mage
  1074 | D        | Reached **** piety under Vehumet
  1074 | D        | Reached skill level 13 in Spellcasting
  1074 | D        | Killed an orc high priest
  1074 | D        | Reached skill level 14 in Spellcasting
  1074 | D        | Reached XP level 9. HP: 45/45 MP: 22/29
  1075 | D        | Killed a deep elf mage
  1075 | D        | Reached skill level 15 in Spellcasting
  1075 | D        | Killed a deep elf mage
  1075 | D        | Reached skill level 16 in Spellcasting
  1082 | D        | Killed a deep elf archer
  1082 | D        | Reached ***** piety under Vehumet
  1082 | D        | Reached skill level 17 in Spellcasting
  1082 | D        | Reached skill level 10 in Conjurations
  1082 | D        | Reached skill level 15 in Fire Magic
  1158 | D        | Entered arena 6.
  1158 | D        | Noticed a black mamba
  1159 | D        | Offered knowledge of Olgreb's Toxic Radiance by Vehumet.
  1159 | D        | Killed a black mamba
  1160 | D        | Reached XP level 10. HP: 50/50 MP: 30/33
  1181 | D        | Entered arena 7.
  1205 | D        | Reached ****** piety under Vehumet
  1348 | D        | Entered arena 8.
  1350 | D        | Offered knowledge of Lee's Rapid Deconstruction by Vehumet.
  1350 | D        | Reached skill level 18 in Spellcasting
  1413 | D        | Learned a level 5 spell: Bolt of Magma
  1414 | D        | Entered arena 9.
  1415 | D        | Reached skill level 19 in Spellcasting
  1550 | D        | Entered arena 10.
  1551 | D        | Offered knowledge of Fulminant Prism by Vehumet.
  1567 | D        | Reached skill level 20 in Spellcasting
  1618 | D        | Identified the Handbook of the Nine Orbs (You found it in the Dungeon)
  1631 | D        | Entered arena 11.
  1631 | D        | Noticed a spriggan air mage
  1631 | D        | Noticed a storm dragon
  1632 | D        | Noticed a spriggan air mage
  1632 | D        | Noticed a spriggan air mage
  1632 | D        | Noticed a titan
  1632 | D        | Reached skill level 1 in Earth Magic
  1633 | D        | Reached XP level 11. HP: 31/55 MP: 7/37
  1633 | D        | Killed from afar by a spriggan air mage

Vault maps used:
D:        sprint_v

Skill      XL: |  1  2  3  4  5  6  7  8  9 10 |
---------------+-------------------------------+-----
Spellcasting   | 6 7 8 10 11 12 14 17 20 | 20.4
Conjurations   | 4 5 6 7 9 10 12 | 12.3
Fire Magic     | 5 7 9 11 12 13 14 15 16 | 16.3
Dodging        | 3 4 5 6 7 9 |  9.6
Stealth        | 3 4 |  4.4
Earth Magic    | 1 |  1.0
Fighting       | |  0.8

Action                   |  1- 3 |  4- 6 |  7- 9 | 10-12 || total
-------------------------+-------+-------+-------+-------++-------
Melee: Staff             |       |       |       |     5 ||     5
 Cast: Flame Tongue      |     4 |    14 |     1 |    14 ||    33
       Fireball          |       |     1 |     8 |    26 ||    35
       Throw Flame       |       |       |     2 |       ||     2
       Bolt of Magma     |       |       |       |     3 ||     3
  Use: Potion            |     1 |       |     3 |     6 ||    10
       Scroll            |       |     1 |       |     4 ||     5
  Eat: Meat ration       |       |       |     2 |       ||     2
Armor: Robe              |       |     1 |       |     6 ||     7
Dodge: Dodged            |       |     4 |     3 |    43 ||    50
